 Dungeon Crawl Stone Soup version 0.28.0-45-g0d030f2227 (webtiles) character file.

Game seed: 7655141986562947781

26159 issech the Basher (level 12, -8/108 HPs)
             Began as a Troll Monk on Apr 24, 2022.
             Was an Elder of Hepliaklqana.
             Mangled by a titanic slime creature (86 damage)
             ... on level 12 of the Dungeon.
             The game lasted 01:01:25 (12029 turns).

issech the Basher (Troll Monk)                     Turns: 12029, Time: 01:01:26

Health: -8/108     AC: 14    Str: 28      XL:     12   Next: 95%
Magic:  11/11      EV: 12    Int: 10 (12) God:    Hepliaklqana [****..]
Gold:   782        SH:  7    Dex: 15 (16) Spells: 11/11 levels left

rFire   . . .      SeeInvis .   v - +1 flail (protect)
rCold   . . .      Faith    .   x - +0 kite shield
rNeg    . . .      Spirit   .   Y - +1 robe {Archmagi}
rPois   .          Reflect  .   (helmet restricted)
rElec   .          Harm     .   O - +0 cloak
rCorr   .          Rampage  .   (gloves unavailable)
Will    .....      Archmagi +   (boots unavailable)
Stlth   ++........              K - amulet of regeneration
HPRegen 1.88/turn               j - +6 ring of strength
MPRegen 0.12/turn               J - +6 ring of intelligence

@: under a protective aura
A: reduced essence, large, unfitting armour, claws 3, regeneration 1, shaggy fur
2, tough skin 1
a: Renounce Religion, Recall Ancestor, Ancestor Identity, Transference, Idealise


You were on level 12 of the Dungeon.
You worshipped Hepliaklqana.
Hepliaklqana was greatly pleased with you.
You visited 2 branches of the dungeon, and saw 13 of its levels.
You also visited: Ossuary and Bailey.

You collected 782 gold pieces.

Inventory:

Hand Weapons
 m - a +2 whip of flaming
 v - a +1 flail of protection (weapon)
 w - a +4 scimitar
 y - a +0 giant spiked club
 B - a +2 hand axe of distortion
 H - a +3 great sword of freezing
 P - a +0 arbalest
 R - a +2 trident of venom
 S - a +3 flail
 U - a +4 halberd of freezing
Missiles
 e - 48 sling bullets
 l - 221 stones
 o - 41 poisoned darts
 t - 133 arrows
 u - 61 bolts
 C - 14 boomerangs
 D - 8 atropa-tipped darts
 E - 12 javelins
 I - 3 throwing nets
 M - 6 curare-tipped darts
 N - 2 boomerangs of dispersal
 W - a large rock (quivered)
Armour
 b - a +1 robe
 x - a +0 kite shield (worn)
 O - a +0 cloak (worn)
 Y - a +1 robe of the Archmagi (worn)
Magical Staves
 T - a staff of fire
Jewellery
 j - a +6 ring of strength (left claw)
 n - an amulet of the acrobat
 J - a +6 ring of intelligence (right claw)
 K - an amulet of regeneration (around neck)
Wands
 q - a wand of mindburst (12)
 F - a wand of flame (32)
 X - a wand of polymorph (11)
 Z - a wand of charming (6)
Scrolls
 a - 2 scrolls of enchant weapon
 f - a scroll of fog
 g - a scroll of magic mapping
 z - 3 scrolls of enchant armour
 Q - 2 scrolls of teleportation
 V - 2 scrolls of holy word
Potions
 d - 4 potions of heal wounds
 h - 3 potions of brilliance
 i - a potion of ambrosia
 k - 5 potions of mutation
 p - 2 potions of lignification
 r - 3 potions of haste
 s - 2 potions of degeneration
 G - 6 potions of curing
 L - a potion of invisibility
Miscellaneous
 c - a phial of floods


   Skills:
 + Level 8.2 Fighting
 + Level 0.8(1.0) Short Blades
 + Level 0.8(1.0) Long Blades
 + Level 0.8(7.2) Axes
 + Level 12.3 Maces & Flails
 + Level 0.8(1.2) Polearms
 + Level 0.8(7.2) Staves
 + Level 0.5(2.0) Slings
 + Level 0.5 Bows
 + Level 1.3 Crossbows
 + Level 4.2(4.3) Throwing
 + Level 0.8 Armour
 + Level 8.7 Dodging
 + Level 3.3 Stealth
 + Level 1.2 Shields
 + Level 1.0 Unarmed Combat
 + Level 0.4 Spellcasting
 + Level 0.6 Conjurations
 + Level 0.5 Hexes
 + Level 1.1 Summonings
 + Level 1.1 Necromancy
 + Level 0.6 Translocations
 + Level 0.6 Transmutations
 + Level 0.6 Fire Magic
 + Level 0.6 Ice Magic
 + Level 0.5 Air Magic
 + Level 0.9 Earth Magic
 + Level 1.1 Poison Magic
 + Level 0.9 Invocations
 + Level 0.6 Evocations


You had 11 spell levels left.
You didn't know any spells.
Your spell library contained the following spells:

 Spells                   Type           Power      Damage    Failure   Level
 Summon Small Mammal      Summ           12%        N/A       52%         1
 Sting                    Tmut/Pois      12%        1d3       54%         1
 Beastly Appendage        Tmut           4%         N/A       56%         1
 Poisonous Vapours        Pois/Air       4%         N/A       69%         2
 Blink                    Tloc           4%         N/A       71%         2
 Static Discharge         Conj/Air       2%         N/A       71%         2
 Wereblood                Tmut           2%         N/A       71%         2
 Call Canine Familiar     Summ           3%         N/A       87%         3
 Spider Form              Tmut/Pois      3%         N/A       88%         3
 Summon Guardian Golem    Hex/Summ       2%         N/A       89%         3
 Frozen Ramparts          Ice            4%         1d2       91%         3
 Lesser Beckoning         Tloc           2%         N/A       91%         3
 Dispel Undead            Necr           3%         3d7       99%         4
 Olgreb's Toxic Radiance  Pois           3%         N/A       99%         4
 Summon Ice Beast         Ice/Summ       3%         N/A       99%         4
 Ice Form                 Ice/Tmut       2%         N/A       100%        4
 Sticky Flame             Conj/Fire      2%         2d3       100%        4
 Freezing Cloud           Conj/Ice/Air   1%         6-21      100%        5
 Manifold Assault         Tloc           2%         N/A       100%        5
 Yara's Violent Unravell  Hex/Tmut       1%         3d3       100%        5
 Simulacrum               Ice/Necr       1%         N/A       100%        6
 Polar Vortex             Ice            1%         N/A       100%        9


Dungeon Overview and Level Annotations

Branches:
Dungeon (12/15)            Temple (1/1) D:7            Lair (0/6) D:9
    Orc (0/2) D:10        Ossuary (visited)          Bailey (visited)

Altars:
Ashenzari
Cheibriados
Dithmenos
Elyvilon
Fedhas
Gozag
Hepliaklqana
Kikubaaqudgha
Makhleb
Nemelex Xobeh
Okawaru
Qazlal
Ru
Sif Muna
Trog
Uskayaw
Vehumet
Wu Jian
Xom
Yredelemnul
Zin
The Shining One
Beogh

Shops:
D:6 ?


Innate Abilities, Weirdness & Mutations

Your life essence is reduced to manifest your ancestor. (-10% HP)
You are too large for most types of armour.
You have claws for hands.
Your natural rate of healing is unusually fast.
You are covered in thick fur. (AC +2)
You have tough skin. (AC +1)


Message History

The enormous slime creature is severely wounded.
You block the enormous slime creature's attack.
You hit the enormous slime creature.
The enormous slime creature is severely wounded.
The enormous slime creature hits you but does no damage.
A slime creature comes into view.
You hit the enormous slime creature.
The enormous slime creature is severely wounded.
The enormous slime creature hits you but does no damage.
You thump the enormous slime creature!
The enormous slime creature is severely wounded.
The enormous slime creature misses you.
You hit the enormous slime creature but do no damage.
The enormous slime creature is severely wounded.
Udjahorresnet casts a spell at the enormous slime creature.
The stone arrow hits the enormous slime creature!
The enormous slime creature hits you!
Two slime creatures merge to form a titanic slime creature.
You sock the titanic slime creature!
The titanic slime creature is severely wounded.
You bludgeon the titanic slime creature!!
The titanic slime creature is severely wounded.
You swap places.
Udjahorresnet gestures at the titanic slime creature while chanting.
The puff of frost hits the titanic slime creature!
The titanic slime creature hits Udjahorresnet!!!!
Udjahorresnet is destroyed!
Things that are here:
a large rock; a +0 club; a gnoll corpse Throw: 2 large rocks
Press: ? - help, Q - select action, (/) - cycle Shift-Dir - straight line, f/p - titanic slime creature
Aim: a titanic slime creature (almost dead, unaware, hasn't noticed you, 84% to hit)
You throw a large rock.
The large rock barely misses the titanic slime creature.
The titanic slime creature quivers.
You hit the titanic slime creature but do no damage.
The titanic slime creature is almost dead.
The titanic slime creature hits you!!!!
Ouch! That really hurt!
You die...

# ######.#
#<.....# #
#....#.#
###.###))(.#.#
#((..J@.(....#
#.#.##..........
.. #..........
#. ###........ #
#...#....
#####.?.. ...


You could see a titanic slime creature.

Vanquished Creatures
  A two-headed ogre (D:9)
  Pikel (D:6)
  An orc knight (Bailey)
  A centaur zombie (D:11)
  Psyche (D:9)
  An efreet (D:9)
  2 trolls
  2 hornets
  A slime creature (D:12)
  Grinder (D:3)
  2 shadows
  Sigmund (D:2)
  A wyvern (D:8)
  Eustachio (D:5)
  8 yaks
  3 vampire mosquitoes (D:10)
  5 orc warriors
  2 water moccasins
  3 ice beasts
  2 sky beasts
  2 black bears
  2 necrophages
  4 ogres
  2 phantoms
  5 kobold brigands
  2 elf zombies (Ossuary)
  6 bullfrogs
  A wyvern zombie (D:6)
  10 killer bees
  A water moccasin skeleton (D:2)
  An oklob sapling (D:8)
  10 wights
  3 howler monkeys
  3 bullfrog zombies
  A human zombie (Ossuary)
  3 hounds
  8 orc priests
  A bullfrog skeleton (D:4)
  3 gnoll shamans
  A centaur skeleton (D:5)
  3 iguanas
  5 orc wizards
  2 mummies (Ossuary)
  A howler monkey zombie (D:5)
  16 gnolls
  10 adders
  A shadow imp (D:7)
  2 white imps (D:5)
  2 ufetubi (D:5)
  2 adder zombies (Ossuary)
  An adder skeleton (D:4)
  3 worms
  A dart slug (D:1)
  30 orcs
  6 bats
  5 endoplasms
  4 giant cockroaches
  13 goblins
  9 hobgoblins
  7 jackals
  13 kobolds
  3 quokkas
  7 ball pythons
  3 frilled lizards
  A goblin zombie (Ossuary)
  9 hobgoblin zombies (Ossuary)
  A jackal zombie (Ossuary)
  9 kobold zombies (Ossuary)
  9 orc zombies (Ossuary)
  7 rats
  2 rat zombies (Ossuary)
296 creatures vanquished.

Vanquished Creatures (collateral kills)
  A two-headed ogre (D:11)
  A cyclops (D:8)
  Maurice (D:9)
  2 centaur zombies
  A hornet (D:8)
  Prince Ribbit (D:9)
  A shadow (D:11)
  A wraith (D:10)
  6 yaks
  2 basilisks (D:11)
  A vampire mosquito (D:11)
  A water moccasin (D:8)
  A black bear (D:9)
  6 orc warriors
  A centaur (D:8)
  4 kobold brigands (Bailey)
  A bullfrog (D:9)
  A gnoll sergeant (D:12)
  8 killer bees
  An oklob sapling (D:8)
  4 wights
  A howler monkey (D:8)
  An orc priest (D:9)
  2 orc wizards (D:9)
  A gnoll (D:12)
  3 adders (D:8)
  12 orcs
  3 ball pythons (D:8)
  A goblin (D:10)
  2 jackals (D:8)
  6 kobolds
  A bush (D:8)
79 creatures vanquished.

Vanquished Creatures (others)
  4 battlemagi
  11 fungi (D:9)
  23 plants
38 creatures vanquished.

Grand Total: 413 creatures vanquished

Notes
Turn   | Place    | Note
-------+----------+-------------------------------------------
     0 | D:1      | issech the Troll Monk began the quest for the Orb.
     0 | D:1      | Reached XP level 1. HP: 22/22 MP: 0/0
   115 | D:1      | Reached XP level 2. HP: 29/29 MP: 1/1
   253 | D:1      | Reached skill level 3 in Maces & Flails
   347 | D:1      | Found a faded altar of an unknown god.
   355 | D:1      | Reached XP level 3. HP: 34/36 MP: 2/2
  1146 | D:2      | Reached XP level 4. HP: 27/45 MP: 3/3
  1207 | D:2      | Noticed Sigmund
  1358 | D:3      | Noticed Grinder
  1359 | D:3      | Found a hide-covered altar of Uskayaw.
  1647 | D:3      | Killed Grinder
  1648 | D:3      | Reached skill level 4 in Maces & Flails
  1648 | D:3      | Reached XP level 5. HP: 28/53 MP: 4/4
  1648 | D:3      | Reached XP level 6. HP: 32/61 MP: 5/5
  1723 | D:3      | Noticed a +0 dagger
  1724 | D:3      | Noticed a +0 dagger
  1923 | D:3      | Reached skill level 5 in Maces & Flails
  2026 | D:3      | Found a basalt altar of Yredelemnul.
  2472 | D:2      | Killed Sigmund
  2473 | D:2      | Reached XP level 7. HP: 55/68 MP: 6/6
  2889 | D:4      | Reached skill level 6 in Maces & Flails
  2964 | D:4      | Identified the +1 leather armour of Autumn {Will+ Int+2}
  2981 | D:4      | Found an opulent altar of Gozag.
  3395 | D:5      | Entered Level 5 of the Dungeon
  3441 | D:5      | Reached XP level 8. HP: 74/79 MP: 7/7
  3614 | D:5      | Reached skill level 7 in Maces & Flails
  3690 | D:5      | Reached skill level 1 in Throwing
  4154 | D:5      | Noticed Eustachio
  4174 | D:5      | Killed Eustachio
  4175 | D:5      | Reached skill level 5 in Dodging
  4310 | D:6      | Found Feraomm's Magic Scroll Boutique.
  4448 | D:6      | Noticed Pikel
  4478 | D:6      | Killed Pikel
  4479 | D:6      | Reached skill level 5 in Fighting
  4479 | D:6      | Reached skill level 8 in Maces & Flails
  4479 | D:6      | Reached XP level 9. HP: 70/88 MP: 8/8
  4526 | D:6      | Found a sand-covered staircase.
  4531 | Ossuary  | Entered an ossuary
  5122 | D:6      | Reached skill level 9 in Maces & Flails
  5841 | D:7      | Reached XP level 10. HP: 90/98 MP: 9/9
  5975 | D:7      | Found a broken altar of Ashenzari.
  6071 | D:7      | Found a staircase to the Ecumenical Temple.
  6108 | Temple   | Entered the Ecumenical Temple
  6295 | Temple   | Became a worshipper of Hepliaklqana the Forgotten
  6295 | Temple   | Reached * piety under Hepliaklqana
  6295 | Temple   | Reached ** piety under Hepliaklqana
  6296 | Temple   | Remembered your ancestor Udjahorresnet as a battlemage
  6532 | D:8      | Reached skill level 10 in Maces & Flails
  6603 | D:8      | Noticed a cyclops
  6606 | D:8      | Killed a cyclops
  7189 | D:8      | Found a white marble altar of Elyvilon.
  7556 | D:8      | Paralysed by a hornet for 3 turns
  7576 | D:8      | Got Sif Muna's Handbook of the Disturbing Demons
  7820 | D:9      | Reached skill level 11 in Maces & Flails
  7883 | D:9      | Noticed a two-headed ogre
  7890 | D:9      | Killed a two-headed ogre
  7891 | D:9      | Reached XP level 11. HP: 91/96 MP: 10/10
  8103 | D:9      | Paralysed by a hornet for 3 turns
  8110 | D:9      | HP: 4/96 [poisoned by a hornet]
  8288 | D:9      | Noticed Prince Ribbit
  8303 | D:9      | Killed Prince Ribbit
  8375 | D:9      | Noticed Maurice
  8387 | D:9      | Killed Maurice
  8388 | D:9      | Reached skill level 1 in Crossbows
  8409 | D:9      | Reached *** piety under Hepliaklqana
  8415 | D:9      | Found a staircase to the Lair.
  8814 | D:9      | Noticed Psyche
  8816 | D:9      | Killed Psyche
  9301 | D:10     | Entered Level 10 of the Dungeon
  9326 | D:10     | Found a flagged portal.
  9338 | Bailey   | Entered a bailey
  9482 | Bailey   | Noticed an orc knight
  9496 | Bailey   | Killed an orc knight
  9503 | Bailey   | Found a bloodstained altar of Trog.
  9622 | Bailey   | Reached skill level 1 in Unarmed Combat
  9622 | Bailey   | Reached skill level 1 in Summonings
  9622 | Bailey   | Reached skill level 1 in Necromancy
  9622 | Bailey   | Reached skill level 1 in Poison Magic
  9622 | Bailey   | Reached XP level 12. HP: 106/106 MP: 11/11
  9892 | D:10     | Found an ancient bone altar of Kikubaaqudgha.
  9894 | D:10     | Found a sparkling altar of Nemelex Xobeh.
  9896 | D:10     | Found a glowing golden altar of the Shining One.
 10368 | D:10     | Found a staircase to the Orcish Mines.
 10526 | D:10     | Reached skill level 12 in Maces & Flails
 10679 | D:10     | Gained mutation: You are weak. (Str -2) [potion of
                  | mutation]
 10680 | D:10     | Lost mutation: You are weak. (Str -2) [potion of mutation]
 10680 | D:10     | Gained mutation: You are dopey. (Int -2) [potion of
                  | mutation]
 10680 | D:10     | Gained mutation: You are covered in thick fur. (AC +2)
                  | [potion of mutation]
 10680 | D:10     | Lost mutation: You are dopey. (Int -2) [potion of mutation]
 10781 | D:11     | Reached **** piety under Hepliaklqana
 10781 | D:11     | Noticed a two-headed ogre
 10807 | D:11     | Killed a two-headed ogre
 11250 | D:11     | Identified the +4 ring mail of the Miller {Rampage rElec
                  | rF-}
 11608 | D:11     | Reached skill level 1 in Shields
 12029 | D:12     | Mangled by a titanic slime creature

Illustrated notes

Levels and vault maps discovered:
D:1:      matt_arrival_los_fun, layout_basic, ebering_ecumenical_altar_webs
D:2:      layout_basic, uniq_sigmund
D:3:      layout_rooms, yredelemnul_altar_generic, dancing_weapons_uskayaw,
          serial_rivers, chequers_serial_rivers_micro_e,
          chequers_serial_rivers_small_3, chequers_serial_rivers_small_b,
          chequers_serial_rivers_micro_e, chequers_serial_rivers_room_b,
          chequers_serial_rivers_micro_a, uniq_grinder
D:4:      layout_rooms, grunt_gozag_breadcrumbs, hangedman_feature_mirror,
          kennysheep_windowed_goal
D:5:      layout_cave_pods, uniq_eustachio
D:6:      layout_basic, serial_shops, nicolae_square_shop, enter_ossuary_2,
          kennysheep_generic_room_6, uniq_pikel
D:7:      layout_cave_pools, mainiacjoe_overflow_surrounded_room,
          minmay_temple_entry_arrows
D:8:      layout_rooms, mainiacjoe_overflow_alcove_4, introduction_to_nature_2
D:9:      layout_gridville, grunt_lair_entry_orc_guard_hut, uniq_prince_ribbit1,
          uniq_psyche, uniq_maurice
D:10:     layout_irregular_city, grunt_temple_overflow_open, david_orc_5,
          enter_bailey_3
D:11:     layout_stronghold
D:12:     layout_loops_corners, serial_bayou_lagoon_b
Temple:   minmay_temple_curvy_branch

Skill      XL: |  1  2  3  4  5  6  7  8  9 10 11 12 |
---------------+-------------------------------------+-----
Maces & Flails | 3 4 5 6 8 9 11 12 | 12.3
Fighting       | 3 4 5 6 7 8 |  8.2
Dodging        | 3 4 5 6 7 8 |  8.7
Throwing       | 2 3 4 |  4.2
Stealth        | 2 3 |  3.3
Crossbows      | 1 |  1.3
Unarmed Combat | 1 |  1.0
Summonings     | 1 |  1.1
Necromancy     | 1 |  1.1
Poison Magic   | 1 |  1.1
Shields        | 1 |  1.2
Short Blades   | |  0.8
Long Blades    | |  0.8
Axes           | |  0.8
Polearms       | |  0.8
Staves         | |  0.8
Slings         | |  0.5
Bows           | |  0.5
Armour         | |  0.8
Spellcasting   | |  0.4
Conjurations   | |  0.6
Hexes          | |  0.5
Translocations | |  0.6
Transmutations | |  0.6
Fire Magic     | |  0.6
Ice Magic      | |  0.6
Air Magic      | |  0.5
Earth Magic    | |  0.9
Invocations    | |  0.9
Evocations     | |  0.6

Action                   |  1- 3 |  4- 6 |  7- 9 | 10-12 || total
-------------------------+-------+-------+-------+-------++-------
Melee: Mace              |   148 |    88 |       |       ||   236
       Punch             |     1 |     2 |     6 |     6 ||    15
       Flail             |       |    15 |   430 |   498 ||   943
 Fire: Arbalest          |       |       |       |     3 ||     3
Throw: Stone             |     1 |     3 |       |     4 ||     8
       Dart              |       |     1 |       |       ||     1
       Large rock        |       |       |    18 |    35 ||    53
Invok: Ancestor Life: Ba |       |       |       |     1 ||     1
  Use: Scroll            |       |       |     7 |     6 ||    13
       Potion            |       |       |       |    10 ||    10
 Stab: Sleeping          |     3 |       |     2 |     1 ||     6
       Distracted        |       |       |       |     6 ||     6
Armor: Robe              |    69 |    29 |   168 |   183 ||   449
Dodge: Dodged            |   115 |   103 |   379 |   341 ||   938
Block: Kite shield       |       |       |       |    12 ||    12
